 Dungeon Crawl Stone Soup version 0.21-a0-525-ga34b322 (webtiles) character file.

27748 Dawnplanks the Fighter (level 13, -4/95 HPs)
             Began as a Minotaur Chaos Knight on Dec 7, 2017.
             Slain by an eight-headed hydra (9 damage)
             ... on level 4 of the Lair of Beasts.
             The game lasted 00:43:07 (14548 turns).

Dawnplanks the Fighter (Minotaur Chaos Knight)     Turns: 14548, Time: 00:43:07

Health: -4/95      AC: 20    Str: 32    XL:     13   Next: 6%
Magic:  12/12      EV: 18    Int:  5    God:    Xom [*.....]
Gold:   1082       SH:  0    Dex: 15    Spells: 12/12 levels left

rFire    . . .     SeeInvis .   m - +8 whip "Snakebite" {curare, rPois}
rCold    + . .     Gourm    .   (no shield)
rNeg     + . .     Faith    .   l - +2 scale mail "Befamid" {rN+ Regen+ Str+7}
rPois    +         Spirit   .   (helmet restricted)
rElec    .         Reflect  .   r - +1 cloak
rCorr    .         Harm     .   (no gloves)
MR       .....                  y - +0 pair of boots (curse)
Stlth    ..........             (no amulet)
HPRegen  0.00/turn              Z - ring of protection from cold
MPRegen  0.13/turn              M - +4 ring of protection

@: drained
A: retaliatory headbutt, horns 2, agile 2, blurry vision 1, dopey 2, frail 2,
poison resistance, shaggy fur 1, inhibited regeneration, strong 2
a: Renounce Religion


You were on level 4 of the Lair of Beasts.
You worshipped Xom.
You were a special plaything of Xom.
You were hungry.

You visited 3 branches of the dungeon, and saw 17 of its levels.
You also visited: Ossuary.

You collected 1082 gold pieces.

Inventory:

Hand Weapons
 m - the +8 whip "Snakebite" (weapon) {curare, rPois}
   (You found it on level 3 of the Lair of Beasts)

   It poisons the flesh of those it strikes.
   It protects you from poison.
 C - the +5 arbalest "Fiani" {chaos, Str+2}
   (Xom gifted it to you in an ossuary)

   Each projectile launched from it has a different, random effect.
   It affects your strength (+2).
 Q - a +2 flail of holy wrath
 T - a +1 flail of protection
Missiles
 b - 8 javelins (quivered)
Armour
 l - the +2 scale mail "Befamid" (worn) {rN+ Regen+ Str+7}
   (You found it on level 7 of the Dungeon)

   It affects your strength (+7).
   It protects you from negative energy.
   It increases your rate of regeneration.
 o - a +1 ring mail of magic resistance
 r - a +1 cloak (worn)
 y - a cursed +0 pair of boots (worn)
Jewellery
 M - a +4 ring of protection (right hand)
 R - an uncursed ring of ice
 Z - a ring of protection from cold (left hand)
Wands
 t - a wand of enslavement (5)
 z - a wand of random effects (32)
 A - a wand of disintegration (21)
 O - a wand of iceblast (11)
 X - a wand of acid (18)
 Y - a wand of flame (24)
Scrolls
 a - 2 scrolls of fog {unknown}
 d - 2 scrolls of brand weapon {unknown}
 j - 8 scrolls of teleportation {unknown}
 p - 5 scrolls of enchant armour {unknown}
 v - 3 scrolls of fear {unknown}
 B - 2 scrolls of blinking {unknown}
 G - a scroll of silence
 H - 9 scrolls of remove curse {unknown}
 I - 2 scrolls of vulnerability {unknown}
 L - 2 scrolls of enchant weapon {unknown}
 P - 3 scrolls of amnesia {unknown}
 S - 2 scrolls of magic mapping {unknown}
 U - 2 scrolls of immolation {unknown}
Potions
 e - 7 potions of degeneration {unknown}
 f - a potion of lignification
 h - 6 potions of curing
 n - 3 potions of brilliance {unknown}
 q - 2 potions of resistance
 u - 3 potions of heal wounds
 w - 6 potions of flight
 x - a potion of cancellation
 D - 3 potions of magic
 E - 6 potions of haste {unknown}
 J - 3 potions of agility
 K - a potion of invisibility
Miscellaneous
 N - a fan of gales (inert)
Comestibles
 c - 12 bread rations
 i - 7 meat rations
 k - 13 royal jellies
 F - 4 fruits


   Skills:
 + Level 12.8(12.3) Fighting
   Level 10.6(12.2) Axes
 + Level 12.0(12.9) Maces & Flails
 + Level 12.3(11.8) Armour
 + Level 11.3(10.7) Dodging


You had 12 spell levels left.
You didn't know any spells.

Dungeon Overview and Level Annotations

Branches:
Dungeon (11/15)            Temple (1/1) D:4            Lair (5/6) D:10
 Shoals (0/4) Lair:2        Snake (0/4) Lair:4          Orc (0/2) D:9
  Slime: Lair:5-6

Altars:
Ashenzari
Cheibriados
Dithmenos
Elyvilon
Gozag
Hepliaklqana
Makhleb
Nemelex Xobeh
Okawaru
Ru
Trog
Uskayaw
Vehumet
Xom
Yredelemnul
The Shining One
Beogh

Shops:
D:6 *


Innate Abilities, Weirdness & Mutations

You reflexively headbutt those who attack you in melee.
You have a pair of horns on your head.
You are very agile. (Dex +4)
Scrolls take you a little longer to read.
You are very dopey. (Int -4)
You are very frail. (-20% HP)
Your system is resistant to poisons. (rPois)
You are covered in fur. (AC +1)
You do not regenerate when monsters are visible.
Your muscles are very strong. (Str +4)


Message History

The eight-headed hydra barely misses you.
The eight-headed hydra bites you! The eight-headed hydra bites you.
The eight-headed hydra barely misses you. x2
The yak gores you!
* * * LOW HITPOINT WARNING * * *
The yak closely misses you.
You hit the eight-headed hydra.
You headbutt the eight-headed hydra, but do no damage.
The eight-headed hydra is lightly wounded.
You whack the eight-headed hydra! You headbutt the eight-headed hydra!!
The eight-headed hydra is heavily wounded.
The eight-headed hydra bites you but does no damage. x2
The eight-headed hydra bites you.
* * * LOW HITPOINT WARNING * * *
The eight-headed hydra bites you!
* * * LOW HITPOINT WARNING * * *
The eight-headed hydra completely misses you.
The eight-headed hydra bites you!
You die...
Xom chuckles heartily!

##.###.###..P#####....####.#P####
.................................
..................####..#........
<.....#....##.....##P#.##........
.......#..##.......#.P.#........#
......#....#......##....#......P#
.....###..###......+....#......##
.....# #..###..Y...............##
.....# ##.P##...@Y.#....#......#.
.....#######P...D.##...##........
.....#.###.#.P......#####.......#
..................[##P##P.......#
..........................[......
.................................
.................................
.(...............P##..##.........
....###.#..#.....###..####.......


You could see an eight-headed hydra and 2 yaks.

Vanquished Creatures
  An entropy weaver (Lair:3)
  A hydra (Lair:4)
  Erica (D:8)
  A two-headed ogre (D:11)
  A death yak (Lair:3)
  Urug (Lair:4)
  A swamp dragon (Lair:3)
  3 black mambas
  Joseph (D:8)
  An elephant (Lair:3)
  6 spiny frogs
  A gargoyle (D:11)
  A rime drake (Lair:3)
  3 komodo dragons
  A queen bee (D:11)
  3 trolls
  A polar bear (Lair:4)
  16 blink frogs
  5 hippogriffs
  A wyvern (D:9)
  21 yaks
  A basilisk (D:10)
  Menkaure (D:6)
  2 nagas (Lair:4)
  10 water moccasins
  11 porcupines
  A sky beast (D:9)
  A hornet zombie (D:6)
  5 black bears
  An ice beast (D:7)
  3 orc warriors
  2 eyes of draining (D:4)
  2 phantoms
  7 ogres
  5 centaurs
  11 wolves
  7 crocodiles
  4 big kobolds
  6 bullfrogs
  A gnoll sergeant (D:6)
  5 scorpions
  13 killer bees (D:11)
  A wight (D:5)
  7 howler monkeys
  5 crimson imps
  A bullfrog zombie (D:7)
  2 quasits
  4 jellies
  4 human zombies (Ossuary)
  6 orc priests
  Crazy Yiuf (D:7)
  2 centaur skeletons
  7 hounds
  7 iguanas
  5 worker ants
  Natasha (D:2)
  8 orc wizards
  3 hell rats (Lair:3)
  A killer bee zombie (D:10)
  A big kobold zombie (Ossuary)
  2 hound zombies
  3 hound skeletons
  3 mummies
  20 gnolls
  19 adders
  2 river rats (Lair:3)
  4 shadow imps
  2 oozes
  2 adder zombies
  An adder skeleton (D:8)
  3 worms
  4 dart slugs
  8 leopard geckos
  56 orcs
  8 bats
  4 giant cockroaches
  14 goblins
  12 hobgoblins
  A jackal (D:5)
  5 quokkas
  A ball python (D:6)
  6 frilled lizards
  3 goblin zombies (Ossuary)
  7 hobgoblin zombies (Ossuary)
  A jackal zombie (Ossuary)
  26 kobolds
  11 kobold zombies
  11 orc zombies (Ossuary)
  22 rats
497 creatures vanquished.

Vanquished Creatures (collateral kills)
  A bullfrog skeleton (D:5)
1 creature vanquished.

Vanquished Creatures (others)
  An ogre (D:6)
  4 fungi (Lair:4)
  3 plants (Lair:4)
8 creatures vanquished.

Grand Total: 506 creatures vanquished

Notes
Turn   | Place    | Note
-------+----------+-------------------------------------------
     0 | D:1      | Dawnplanks the Minotaur Chaos Knight began the quest for the Orb.
     0 | D:1      | Reached XP level 1. HP: 19/19 MP: 0/0
   128 | D:1      | XOM: divination: magic mapping
   176 | D:1      | Reached XP level 2. HP: 27/27 MP: 1/1
   439 | D:2      | XOM: harmless Hex miscast
   441 | D:2      | XOM: harmless Chrm miscast
   494 | D:2      | Reached XP level 3. HP: 34/34 MP: 2/2
   510 | D:2      | XOM: silly message
   633 | D:2      | XOM: cast spell 'Summon Small Mammal'
   989 | D:2      | Reached XP level 4. HP: 39/41 MP: 3/3
  1006 | D:2      | XOM: mild Tmut miscast
  1088 | D:2      | Found an opulent altar of Gozag.
  1301 | D:2      | XOM: divination: magic mapping
  1490 | D:3      | Reached skill level 1 in Maces & Flails
  1504 | D:3      | XOM: polymorph rat -> dart slug
  1529 | D:3      | Reached skill level 5 in Fighting
  1556 | D:3      | XOM: god gift: long gold wand {god gift}
  1560 | D:3      | Reached skill level 5 in Axes
  1560 | D:3      | Reached XP level 5. HP: 43/48 MP: 4/4
  1576 | D:3      | Noticed Natasha
  1580 | D:3      | Noticed Robin
  1585 | D:2      | Killed Natasha
  1811 | D:3      | Noticed Robin
  1811 | D:3      | Robin changed into Robin the leopard gecko
  1811 | D:3      | XOM: polymorph Robin -> Robin the leopard gecko
  2035 | D:3      | XOM: god gift: battleaxe {god gift}
  2039 | D:2      | Killed Robin the leopard gecko
  2163 | D:3      | Reached XP level 6. HP: 55/56 MP: 5/5
  2165 | D:3      | XOM: summons friendly white imp
  2177 | D:3      | XOM is BORED!
  2177 | D:3      | XOM: mild Erth miscast
  2588 | D:3      | XOM: give mutations
  2588 | D:3      | Gained mutation: You are agile. (Dex +2) [Xom's grace]
  2588 | D:3      | Gained mutation: Your muscles are strong. (Str +2) [Xom's grace]
  2731 | D:4      | XOM: 2-stop teleportation journey
  2758 | D:4      | Found a sand-covered staircase.
  2766 | Ossuary  | Entered an ossuary
  2849 | Ossuary  | XOM: scenery: create altars
  2855 | Ossuary  | XOM: scenery: create altars
  2866 | Ossuary  | Reached XP level 7. HP: 36/62 MP: 6/6
  3004 | Ossuary  | XOM: god gift: 32 gold pieces
  3127 | Ossuary  | XOM: scenery: 1 doors close
  3140 | Ossuary  | XOM: god gift: twisted arbalest {god gift}
  3141 | Ossuary  | Got a twisted arbalest {god gift}
  3142 | Ossuary  | Identified the +5 arbalest "Fiani" {chaos, Str+2} (Xom gifted it to you in an ossuary)
  3312 | D:4      | Found a staircase to the Ecumenical Temple.
  3320 | Temple   | Entered the Ecumenical Temple
  3373 | D:4      | XOM: give mutation
  3373 | D:4      | Gained mutation: You occasionally shout uncontrollably at your foes. [Xom's mischief]
  3431 | D:4      | XOM: medium Pois miscast
  3448 | D:4      | Found a sparkling altar of Nemelex Xobeh.
  3483 | D:4      | XOM: medium Pois miscast
  3525 | D:4      | Found a bloodstained altar of Trog.
  3540 | D:4      | Reached skill level 5 in Armour
  3708 | D:5      | Entered Level 5 of the Dungeon
  3775 | D:5      | Reached XP level 8. HP: 61/71 MP: 7/7
  3780 | D:5      | Found an iron altar of Okawaru.
  4052 | D:5      | XOM: smoke on damage
  4177 | D:5      | XOM: scenery: create altars
  4182 | D:5      | Found a snail-covered altar of Cheibriados.
  4240 | D:5      | XOM is BORED!
  4240 | D:5      | XOM: mild Necr miscast
  4323 | D:5      | XOM: destruction
  4369 | D:5      | Reached skill level 5 in Maces & Flails
  4452 | D:5      | Reached skill level 5 in Dodging
  4799 | D:6      | Noticed Menkaure
  4802 | D:6      | XOM: cast spell 'Monstrous Menagerie'
  4805 | D:6      | Killed Menkaure
  4805 | D:6      | Reached XP level 9. HP: 41/80 MP: 8/8
  5137 | D:6      | XOM: cloud trail
  5224 | D:6      | XOM: enchant monster (bad)
  5239 | D:6      | XOM: silly message
  5513 | D:5      | Lost mutation: You occasionally shout uncontrollably at your foes. [potion of mutation]
  5513 | D:5      | Lost mutation: Your muscles are strong. (Str +2) [potion of mutation]
  5513 | D:5      | Lost mutation: You are agile. (Dex +2) [potion of mutation]
  5513 | D:5      | Gained mutation: You have a pair of large horns on your head. [potion of mutation]
  5513 | D:5      | Gained mutation: You are dopey. (Int -2) [potion of mutation]
  5513 | D:5      | Gained mutation: You are clumsy. (Dex -2) [potion of mutation]
  5513 | D:5      | Gained mutation: You possess an exceptional clarity of mind. [potion of mutation]
  5649 | D:6      | Found Geonkata's General Store.
  5868 | D:6      | Found a shadowy altar of Dithmenos.
  5875 | D:6      | Found a hide-covered altar of Uskayaw.
  5877 | D:6      | Found a basalt altar of Yredelemnul.
  6061 | D:7      | Found a burning altar of Makhleb.
  6075 | D:7      | Noticed a cacodemon
  6079 | D:7      | Noticed an orange demon
  6242 | D:7      | Found a glowing golden altar of the Shining One.
  6248 | D:7      | XOM: smoke on damage
  6325 | D:7      | XOM: cloud trail
  6337 | D:7      | Found a runed door.
  6342 | D:7      | Noticed Crazy Yiuf
  6344 | D:7      | Killed Crazy Yiuf
  6527 | D:7      | Got a pitted scale mail
  6538 | D:7      | Identified the +2 scale mail "Befamid" {rN+ Regen+ Str+7} (You found it on level 7 of the Dungeon)
  6679 | D:7      | Found a radiant altar of Vehumet.
  6821 | D:8      | Noticed Joseph
  6821 | D:8      | XOM: confuse monster(s)
  6831 | D:8      | XOM: give mutations
  6831 | D:8      | Lost mutation: You possess an exceptional clarity of mind. [Xom's mischief]
  6831 | D:8      | Gained mutation: You are frail. (-10% HP) [Xom's mischief]
  6831 | D:8      | Gained mutation: You are very dopey. (Int -4) [Xom's mischief]
  6831 | D:8      | Lost mutation: You have a pair of large horns on your head. [Xom's mischief]
  6833 | D:8      | XOM: summons 4 hostile demons
  6890 | D:8      | XOM: medium Tloc miscast
  6932 | D:8      | Found a white marble altar of Elyvilon.
  7199 | D:8      | Noticed Erica
  7243 | D:8      | XOM: mild Ice miscast
  7344 | D:8      | Killed Erica
  7344 | D:8      | Reached XP level 10. HP: 47/81 MP: 9/9
  7389 | D:8      | XOM: harmless Necr miscast
  7445 | D:8      | Killed Joseph
  7550 | D:8      | Found a hazy altar of Hepliaklqana.
  7627 | D:8      | Found a roughly hewn altar of Beogh.
  7810 | D:8      | XOM: mild Tmut miscast
  7956 | D:8      | XOM: give mutations
  7956 | D:8      | Gained mutation: Your muscles are strong. (Str +2) [Xom's mischief]
  7956 | D:8      | Lost mutation: You are very dopey. (Int -4) [Xom's mischief]
  7956 | D:8      | Gained mutation: You do not regenerate when monsters are visible. [Xom's mischief]
  8048 | D:8      | Found a hazy altar of Hepliaklqana.
  8327 | D:9      | Found a sacrificial altar of Ru.
  8381 | D:9      | XOM: swap monsters
  8422 | D:9      | XOM: give mutations
  8422 | D:9      | Gained mutation: Scrolls take you a little longer to read. [Xom's mischief]
  8422 | D:9      | Gained mutation: You are very dopey. (Int -4) [Xom's mischief]
  8422 | D:9      | Gained mutation: You are very frail. (-20% HP) [Xom's mischief]
  8422 | D:9      | Lost mutation: You are clumsy. (Dex -2) [Xom's mischief]
  8425 | D:9      | Found a shattered altar of Ashenzari.
  8513 | D:9      | Gained mutation: You are agile. (Dex +2) [mutagenic meat]
  8555 | D:9      | XOM: severe Chrm miscast
  8583 | D:9      | Found a staircase to the Orcish Mines.
  8627 | D:9      | Found a roughly hewn altar of Beogh.
  8857 | D:10     | Entered Level 10 of the Dungeon
  8910 | D:10     | XOM: cast spell 'Cause Fear'
  9213 | D:10     | Found a staircase to the Lair.
  9240 | D:10     | XOM: summons 5 hostile demons
  9265 | D:10     | Reached skill level 10 in Fighting
  9384 | D:10     | Reached skill level 10 in Axes
  9536 | D:10     | Reached XP level 11. HP: 66/79 MP: 10/10
  9675 | D:10     | XOM: summons 5 hostile demons
  9865 | D:11     | XOM: mild Ice miscast
  9867 | D:11     | XOM: confusion
  9918 | D:11     | XOM: harmless Ice miscast
 10185 | D:11     | Noticed a two-headed ogre
 10187 | D:11     | XOM: chaos upgrade
 10189 | D:11     | Killed a two-headed ogre
 10231 | D:11     | XOM: noise
 10253 | D:11     | XOM: scenery: create altars
 10256 | D:11     | XOM: polymorph killer bee -> hound
 10267 | D:11     | XOM: enchant monster (good)
 10285 | D:11     | XOM: enchant monster (good)
 10497 | Lair:1   | Entered Level 1 of the Lair of Beasts
 10572 | Lair:1   | XOM: fog
 10694 | Lair:1   | Reached skill level 10 in Armour
 10732 | Lair:1   | XOM: fog
 10736 | Lair:1   | XOM: confuse monster(s)
 10737 | Lair:1   | XOM: enchant monster (good)
 10938 | Lair:1   | XOM: give mutations
 10938 | Lair:1   | Gained mutation: Your muscles are very strong. (Str +4) [Xom's grace]
 10938 | Lair:1   | Gained mutation: Your system is resistant to poisons. (rPois) [Xom's grace]
 10938 | Lair:1   | Gained mutation: You are very agile. (Dex +4) [Xom's grace]
 10938 | Lair:1   | Gained mutation: You are covered in fur. (AC +1) [Xom's grace]
 10975 | Lair:1   | XOM: snakes to sticks
 11010 | Lair:1   | XOM: god gift: potion of lignification
 11176 | Lair:1   | XOM: god gift: scroll labeled WOCWUI ELOF {god gift}
 11382 | Lair:2   | Found a staircase to the Shoals.
 11750 | Lair:2   | XOM: medium Air miscast
 11792 | Lair:3   | XOM: medium Erth miscast
 11804 | Lair:3   | Noticed a swamp dragon
 11804 | Lair:3   | a hippogriff changed into a swamp dragon
 11804 | Lair:3   | XOM: polymorph hippogriff -> swamp dragon
 11809 | Lair:3   | XOM: potion effect (agility)
 11811 | Lair:3   | Killed a swamp dragon
 11811 | Lair:3   | Reached skill level 10 in Maces & Flails
 11923 | Lair:3   | Noticed a six-headed hydra
 11928 | Lair:3   | Noticed an entropy weaver
 11928 | Lair:3   | a six-headed hydra changed into an entropy weaver
 11928 | Lair:3   | XOM: polymorph six-headed hydra -> entropy weaver
 11929 | Lair:3   | XOM: cast spell 'Leda's Liquefaction'
 11933 | Lair:3   | XOM: confuse monster(s)
 11938 | Lair:3   | Killed an entropy weaver
 12003 | Lair:3   | XOM: mild Pois miscast
 12026 | Lair:3   | XOM: harmless Necr miscast
 12067 | Lair:3   | XOM: confusion (+ monsters)
 12081 | Lair:3   | XOM: mild Tmut miscast
 12100 | Lair:3   | XOM: mild Tloc miscast
 12318 | Lair:3   | XOM: scenery: create altars
 12325 | Lair:3   | Reached XP level 12. HP: 88/88 MP: 11/11
 12342 | Lair:3   | Noticed a seven-headed hydra
 12342 | Lair:3   | XOM: enchant monster (good)
 12359 | Lair:3   | XOM is BORED!
 12359 | Lair:3   | Noticed a death yak
 12359 | Lair:3   | a seven-headed hydra changed into a death yak
 12359 | Lair:3   | XOM: polymorph seven-headed hydra -> death yak
 12364 | Lair:3   | Killed a death yak
 12504 | Lair:3   | Reached skill level 10 in Dodging
 12575 | Lair:3   | XOM: scenery: create altars
 12611 | Lair:3   | XOM: snakes to sticks
 12629 | Lair:3   | Found the +8 whip "Snakebite" {curare, rPois}
 12986 | Lair:4   | XOM: noise
 13091 | Lair:4   | XOM: swap monsters
 13243 | Lair:4   | Found a staircase to the Snake Pit.
 13393 | Lair:4   | Noticed Urug
 13396 | Lair:4   | XOM: noise
 13400 | Lair:4   | XOM: chaos cloud
 13409 | Lair:4   | Paralysed by you for 5 turns
 13441 | Lair:4   | Killed Urug
 13626 | Lair:4   | Noticed a four-headed hydra
 13629 | Lair:4   | XOM: summons friendly shadow imp
 13630 | Lair:4   | Killed a four-headed hydra
 13735 | Lair:4   | XOM: summons 2 hostile shadow creatures
 13736 | Lair:4   | XOM: enchant monster (bad)
 13751 | Lair:4   | XOM: noise
 13759 | Lair:4   | XOM: summons 6 hostile demons
 13979 | Lair:4   | XOM: medium Erth miscast
 13985 | Lair:4   | XOM: blink monster(s)
 14384 | Lair:5   | XOM: harmless Air miscast
 14390 | Lair:5   | Reached XP level 13. HP: 86/95 MP: 12/12
 14414 | Lair:5   | XOM: repel stairs
 14421 | Lair:5   | XOM: draining
 14531 | Lair:4   | XOM: mild Fire miscast
 14548 | Lair:4   | Slain by an eight-headed hydra

Vault maps used:
D:1:      dpeg_arrival_rooms_c
D:2:      grunt_gozag_statues, first_bread, minmay_tiny_reverse_x
D:3:      uniq_natasha, uniq_robin
D:4:      overflow_temple_1_default, minmay_temple_entry_glassed_door,
          nicolae_ossuary_entry_giza, trog_eyes_of_draining
D:5:      kennysheep_windowed_halls, lemuel_coloured_pillars_altar,
          okawaru_gym_becter, minivault_24
D:6:      minitemple, serial_shops, shop, uniq_menkaure
D:7:      lemuel_crystal_altar, kennysheep_little_box,
          makhleb_altar_promises_db, uniq_crazy_yiuf_cottage
D:8:      elyvilon_altar_1, old_standard_altar, special_room, basic_altar,
          uniq_erica, uniq_joseph
D:9:      ashenzari_altar_1, lemuel_crystal_altar, minmay_orc_entry_temple_small
D:10:     minmay_lair_entry_grove
D:11:     special_room
Temple:   jpeg_temple_island
Lair:2:   minmay_shoals_entry_centaurs
Lair:3:   minmay_guarded_unrand_snakebite, kennysheep_abandoned_house
Lair:4:   guppyfry_snake_entry_island, uniq_urug
Lair:5:   slime_altar_1, lemuel_oklob_altar, grunt_megastairs_1, uniq_rupert
Ossuary:  ossuary_tomb_1

Skill      XL: |  1  2  3  4  5  6  7  8  9 10 11 12 13 |
---------------+----------------------------------------+-----
Fighting       | 4 5 6 7 8 10 11 12 | 12.8
Axes           | 4 5 6 7 8 10 | 10.6
Armour         | 3 4 5 6 7 9 10 12 | 12.3
Maces & Flails | 1 2 3 4 5 7 8 10 11 12 | 12.0
Dodging        | 2 3 4 5 6 8 9 11 | 11.3

Action                   |  1- 3 |  4- 6 |  7- 9 | 10-12 | 13-15 || total
-------------------------+-------+-------+-------+-------+-------++-------
Melee: Hand axe          |    65 |       |       |       |       ||    65
       Headbutt          |     8 |    46 |    82 |   199 |     5 ||   340
       Whip              |    17 |   216 |   390 |   575 |    26 ||  1224
       Flail             |       |       |       |   256 |       ||   256
Throw: Tomahawk          |       |       |     2 |     3 |       ||     5
       Javelin           |       |       |       |     1 |       ||     1
Evoke: Wand              |       |     2 |    10 |     3 |       ||    15
       Fan of gales      |       |       |       |       |     1 ||     1
  Use: Scroll            |       |       |     9 |     6 |       ||    15
       Potion            |       |       |     3 |     6 |     2 ||    11
 Stab: Distracted        |       |       |     1 |       |       ||     1
       Confused          |       |       |     1 |     4 |       ||     5
  Eat: Chunk             |       |     6 |    14 |    22 |       ||    42
       Fruit             |       |       |     1 |     2 |     1 ||     4
Armor: Leather armour    |    28 |       |       |       |       ||    28
       Ring mail         |       |    96 |    75 |       |       ||   171
       Scale mail        |       |       |    38 |   265 |    22 ||   325
       Skin              |       |       |       |    78 |       ||    78
Dodge: Dodged            |    49 |   143 |   188 |   471 |    45 ||   896

Table legend:
 A = Spawn XP
 B = Non-spawn XP
 C = Spawn XP percentage of total XP
 D = Spawn monster count
 E = Non-spawn monster count
 F = Spawn count percentage of total count
 G = Total turns spent on level
                    A         B        C        D         E        F      G
               +---------+---------+-------+---------+---------+-------+---------
         Total |       0 |   39640 |   0.0 |       0 |     498 |   0.0 | 14548
               +---------+---------+-------+---------+---------+-------+---------
           D:1 |       0 |      25 |   0.0 |       0 |      12 |   0.0 |   409
           D:2 |       0 |     201 |   0.0 |       0 |      49 |   0.0 |  1614
           D:3 |       0 |     229 |   0.0 |       0 |      33 |   0.0 |   604
           D:4 |       0 |     606 |   0.0 |       0 |      22 |   0.0 |   618
           D:5 |       0 |    1296 |   0.0 |       0 |      41 |   0.0 |  1259
           D:6 |       0 |     965 |   0.0 |       0 |      29 |   0.0 |  1032
           D:7 |       0 |     656 |   0.0 |       0 |      21 |   0.0 |   790
           D:8 |       0 |    2203 |   0.0 |       0 |      35 |   0.0 |  1466
           D:9 |       0 |    2081 |   0.0 |       0 |      36 |   0.0 |   602
          D:10 |       0 |    2527 |   0.0 |       0 |      25 |   0.0 |   979
          D:11 |       0 |    3403 |   0.0 |       0 |      39 |   0.0 |   661
        Lair:1 |       0 |    2543 |   0.0 |       0 |      11 |   0.0 |   693
        Lair:2 |       0 |     490 |   0.0 |       0 |       4 |   0.0 |   571
        Lair:3 |       0 |    7863 |   0.0 |       0 |      43 |   0.0 |  1225
        Lair:4 |       0 |   12144 |   0.0 |       0 |      50 |   0.0 |  1506
        Lair:5 |       0 |    2142 |   0.0 |       0 |       9 |   0.0 |    56
       Ossuary |       0 |     266 |   0.0 |       0 |      39 |   0.0 |   461
               +---------+---------+-------+---------+---------+-------+---------
